 Dungeon Crawl Stone Soup version 0.19-a0-739-gf2af308 (webtiles) character file.

93 Archteshnor the Caller (level 4, 30/30 HPs)
             Began as a Mummy Summoner on Nov 24, 2015.
             Was a Follower of Vehumet.
             Quit the game on level 3 of the Dungeon on June 23, 2016.
             The game lasted 00:19:37 (2680 turns).

Archteshnor the Caller (Mummy Summoner)             Turns: 2680, Time: 00:19:38

Health: 30/30      AC:  2    Str: 11    XL:     4   Next: 37%
Magic:  8/8        EV: 12    Int: 15    God:    Vehumet [*.....]
Gold:   72         SH:  0    Dex: 12    Spells: 3 memorised, 3 levels left

rFire  x . .     SeeInvis .     m - +4 flail
rCold  + . .     Gourm    .     (no armour)
rNeg   + + +     Faith    .     (no shield)
rPois  ∞         Spirit   .     (no helmet)
rElec  .         Dismiss  .     l - +0 cloak
rCorr  .         Reflect  .     (no gloves)
SustAt +         Harm     .     e - +0 pair of boots
MR     .....                    (no amulet)
Stlth  ++........               (no ring)
                                j - ring of sustain attributes

@: not resistant to hostile enchantments, unstealthy
A: no food or potions, fire vulnerability, cold resistance 1, negative energy
resistance 3, torment resistance, unbreathing
a: Renounce Religion


You were on level 3 of the Dungeon.
You worshipped Vehumet.
Vehumet was aware of your devotion.
You were not hungry.

You visited 1 branch of the dungeon, and saw 3 of its levels.

You collected 72 gold pieces.

Inventory:

Hand Weapons
 k - a +3 dagger
 m - a +4 flail (weapon)
Missiles
 g - 96 stones (quivered)
 n - 4 tomahawks
Armour
 a - a +0 robe
 e - a +0 pair of boots (worn)
 l - a +0 cloak (worn)
Jewellery
 j - a ring of sustain attributes (left hand)
Scrolls
 c - a scroll of enchant armour {unknown}
 d - 3 scrolls of identify {unknown}
 f - a scroll of teleportation {unknown}
 h - 4 scrolls of fog {unknown}
 i - a scroll of remove curse {unknown}
Books
 b - a book of Callings

   Spells                             Type                      Level
   a - Summon Small Mammal            Summoning                    1
   b - Call Imp                       Summoning                    2
   c - Call Canine Familiar           Summoning                    3
   d - Summon Guardian Golem          Hexes/Summoning              3
   e - Summon Lightning Spire         Summoning/Air                4
   f - Summon Ice Beast               Ice/Summoning                4


   Skills:
 - Level 1.5 Dodging
 - Level 1.5 Stealth
 + Level 3.3 Spellcasting
 + Level 4.1 Summonings


You had 3 spell levels left.
You knew the following spells:

 Your Spells              Type           Power        Failure   Level  Hunger
a - Summon Small Mammal   Summ           ###.         3%          1    N/A
b - Call Imp              Summ           ###.....     6%          2    N/A
c - Call Canine Familiar  Summ           ###.....     12%         3    N/A

Dungeon Overview and Level Annotations

Branches:
Dungeon (3/15)

Altars:
Vehumet


Innate Abilities, Weirdness & Mutations

You do not eat or drink.
Your flesh is vulnerable to fire.
You are immune to poison.
Your flesh is cold resistant. (rC+)
You are immune to negative energy. (rN+++)
You are immune to unholy pain and torment.
You can survive without breathing.


Message History

Your crimson imp blinks!
Your white imp disappears in a puff of smoke!
Your crimson imp hits the worm.
The worm closely misses your crimson imp.
Your crimson imp blinks!
You swap places.
Your crimson imp hits the worm.
Your crimson imp barely misses the worm.
The worm bites your crimson imp.
Your crimson imp hits the worm.
Your crimson imp hits the worm.
Your crimson imp hits the worm.
The worm dies!
Vehumet accepts your kill.
You start resting.
Your crimson imp disappears in a puff of smoke!
Magic restored.
Saving game... please wait.
Welcome back, Archteshnor the Mummy Summoner.
Vehumet says: Let it end in hellfire!
Press ? for a list of commands and other information.
Are you sure you want to abandon this character and quit the game? (Confirm with "yes".)

# .# ###.# #
#...
#.#####.#####.#
#....@..†...$.#
#######.#######
#.# #.#######
#....<..#
#######.# #
#.#####.##
#5........
#5######.#


There were no monsters in sight!

Vanquished Creatures
  A giant gecko (D:2)
  A ball python (D:2)
  4 bats (D:2)
  3 kobolds
  3 rats
12 creatures vanquished.

Vanquished Creatures (collateral kills)
  2 orc wizards (D:3)
  4 adders
  An ooze (D:1)
  3 worms
  4 orcs (D:3)
  A ball python (D:2)
  A bat (D:1)
  4 giant cockroaches
  6 hobgoblins
  3 giant newts
  A goblin (D:1)
  8 kobolds
  3 rats
41 creatures vanquished.

Grand Total: 53 creatures vanquished

Notes
Turn   | Place    | Note
--------------------------------------------------------------
     0 | D:1      | Archteshnor the Mummy Summoner began the quest for the Orb.
     0 | D:1      | Reached XP level 1. HP: 13/13 MP: 3/3
   210 | D:1      | Reached XP level 2. HP: 17/19 MP: 0/5
   214 | D:1      | Learned a level 2 spell: Call Imp
  1016 | D:2      | Reached XP level 3. HP: 24/24 MP: 0/7
  1024 | D:2      | Learned a level 3 spell: Call Canine Familiar
  1084 | D:2      | Found a radiant altar of Vehumet.
  1098 | D:2      | Became a worshipper of Vehumet
  2086 | D:3      | Reached skill level 4 in Summonings
  2087 | D:3      | Reached XP level 4. HP: 11/30 MP: 1/8
  2150 | D:3      | Reached * piety under Vehumet
  2150 | D:3      | Offered knowledge of Sting by Vehumet.
  2680 | D:3      | Upgraded the game from 0.18-a0-185-gabf895a to 0.19-a0-739-gf2af308
  2680 | D:3      | Quit the game

Vault maps used:
D:1:      dpeg_arrival_radiant, columned_hall_lemuel
D:2:      old_standard_altar, serial_curves, eino_curves_03, eino_curves_01,
          eino_curves_01, eino_curves_04, first_bread,
          kennysheep_decorative_pillar
D:3:      minitemple, lemuel_doored_altar

Skill      XL: |  1  2  3 |
---------------+----------+-----
Summonings     | 4 |  4.1
Dodging        | |  1.5
Stealth        | |  1.5
Spellcasting   | |  3.3

Action                   |  1- 3 |  4- 6 || total
-------------------------+-------+-------++-------
Melee: Unarmed           |     7 |       ||     7
       Short sword       |    29 |       ||    29
       Dagger            |    25 |     3 ||    28
Throw: Stone             |     4 |       ||     4
 Cast: Summon Small Mamm |    17 |       ||    17
       Call Imp          |    17 |    11 ||    28
       Call Canine Famil |     6 |     2 ||     8
 Stab: Distracted        |     1 |       ||     1
       Sleeping          |     1 |       ||     1
